 Dungeon Crawl Stone Soup version 0.21-a0-356-g45b0a09 (webtiles) character file.

30 tidbits the Charmwright (level 3, 31/31 HPs)
             Began as a Gnoll Skald on Oct 12, 2017.
             Quit the game on level 1 of the Dungeon.
             The game lasted 00:03:02 (402 turns).

tidbits the Charmwright (Gnoll Skald)                Turns: 402, Time: 00:03:03

Health: 31/31      AC:  5    Str: 13    XL:     3   Next: 18%
Magic:  7/9        EV: 12    Int: 16    God:
Gold:   61         SH:  0    Dex: 14    Spells: 1/12 levels left

rFire    . . .     SeeInvis .   a - +0 hand axe
rCold    . . .     Gourm    .   (no shield)
rNeg     . . .     Faith    .   B - +0 ring mail
rPois    .         Spirit   .   (no helmet)
rElec    .         Reflect  .   (no cloak)
rCorr    .         Harm     .   (no gloves)
MR       .....                  (no boots)
Stlth    +.........             (no amulet)
HPRegen  0.10/turn              (no ring)
MPRegen  0.11/turn              (no ring)

@: no status effects
A: distributed training, fangs 1, strong nose
a: no special abilities


You were on level 1 of the Dungeon.
You were not hungry.

You visited 1 branch of the dungeon, and saw 2 of its levels.

You collected 61 gold pieces.

Inventory:

Hand Weapons
 a - a +0 hand axe (weapon)
Missiles
 g - 52 sling bullets
 l - 29 stones (quivered)
Armour
 b - a +0 leather armour
 q - a +0 pair of gloves
 B - a +0 ring mail (worn)
Scrolls
 e - 4 scrolls of identify {unknown}
 f - a scroll of remove curse {unknown}
 h - a scroll of fog {unknown}
 i - 2 scrolls of teleportation {unknown}
 m - 2 scrolls of amnesia {unknown}
 n - a scroll of immolation {unknown}
 o - a scroll of enchant weapon {unknown}
Potions
 j - a potion of agility {unknown}
 k - a potion of resistance {unknown}
Books
 c - a book of Battle

   Spells                             Type                      Level
   a - Infusion                       Charms                       1
   b - Shroud of Golubria             Charms/Translocation         2
   c - Song of Slaying                Charms                       2
   d - Spectral Weapon                Hexes/Charms                 3
   e - Regeneration                   Charms/Necromancy            3
Comestibles
 d - a bread ration
 p - a fruit


   Skills:
 + Level 4.5 Fighting
 + Level 0.6 Short Blades
 + Level 0.6 Long Blades
 + Level 4.5 Axes
 + Level 0.6 Maces & Flails
 + Level 0.6 Polearms
 + Level 0.6 Staves
 + Level 0.6 Slings
 + Level 0.6 Bows
 + Level 0.6 Crossbows
 + Level 0.6 Throwing
 + Level 2.5 Armour
 + Level 4.5 Dodging
 + Level 0.6 Stealth
 + Level 0.6 Shields
 + Level 0.6 Unarmed Combat
 + Level 5.0 Spellcasting
 + Level 0.6 Conjurations
 + Level 0.6 Hexes
 + Level 6.5 Charms
 + Level 0.6 Summonings
 + Level 0.6 Necromancy
 + Level 0.6 Translocations
 + Level 0.6 Transmutations
 + Level 0.6 Fire Magic
 + Level 0.6 Ice Magic
 + Level 0.6 Air Magic
 + Level 0.6 Earth Magic
 + Level 0.6 Poison Magic
 + Level 0.6 Invocations
 + Level 0.6 Evocations


You had one spell level left.
You knew the following spells:

 Your Spells              Type           Power        Failure   Level  Hunger
g - Shroud of Golubria    Chrm/Tloc      ###.......   11%         2    #......
i - Infusion              Chrm           ###.         2%          1    None
r - Regeneration          Chrm/Necr      ###.......   22%         3    ###....
w - Spectral Weapon       Hex/Chrm       ###.....     22%         3    ###....
y - Song of Slaying       Chrm           ###.....     3%          2    #......


Dungeon Overview and Level Annotations

Branches:
Dungeon (2/15)

Altars:


Innate Abilities, Weirdness & Mutations

Your experience applies equally to all skills.
You have very sharp teeth.
Your uncanny sense of smell can sniff out nearby items.


Message History

n - a scroll labeled CICO ED MIEJEU
Things that are here:
a scroll labeled GOARIG FUFYECK; a scroll labeled TEOPOBOVVEL
m - 2 scrolls labeled GOARIG FUFYECK (gained 1)
e - 3 scrolls labeled TEOPOBOVVEL (gained 1)
Found a scroll labeled TEOPOBOVVEL.
You see here a scroll labeled DOFIAM GOAGG.
o - a scroll labeled DOFIAM GOAGG You see here a scroll labeled TEOPOBOVVEL.
e - 4 scrolls labeled TEOPOBOVVEL (gained 1)
A kobold comes into view. It is wielding a short sword.
Found a short sword.
Found a scroll labeled MUOZXOA DYENYI.
Found a fruit and a pair of gloves.
You see here a fruit.
p - a fruit You see here a pair of gloves.
q - a pair of gloves
Casting: Infusion
Confirm with . or Enter, or press ? or * to list all spells.
You miscast Infusion.
You are very lightly contaminated with residual magic.
You feel a strange surge of energy!
Casting: Infusion
Confirm with . or Enter, or press ? or * to list all spells.
You begin infusing your attacks with magical energy.
The kobold closely misses you.
You hit the kobold.
The kobold is severely wounded.
The kobold barely misses you.
You barely miss the kobold.
The kobold is severely wounded.
The kobold barely misses you. The kobold hits you but does no damage.
You closely miss the kobold.
The kobold is severely wounded.
The kobold hits you with a short sword.
You hit the kobold.
You kill the kobold!
Things that are here:
a short sword; a kobold corpse You see here a scroll labeled MUOZXOA DYENYI.
i - 2 scrolls labeled MUOZXOA DYENYI (gained 1)
Found a glowing cyan potion and a spear.
Your magical contamination has completely faded away.
A rat comes into view.
Found 12 stones.
The rat closely misses you.
A jackal comes into view.
The jackal barks!
You hear a shout!
You hear a bark!
A hobgoblin comes into view. It is wielding a club.
The rat barely misses you.
You see here 12 stones.
l - 29 stones (gained 12)
Your magical infusion is running out.
The rat closely misses you. The jackal barely misses you.
You completely miss the jackal. You hit the rat.
You kill the rat!
The jackal barely misses you.
You hit the jackal.
The jackal is almost dead.
The jackal misses you. The jackal completely misses you.
You hit the hobgoblin!
You kill the hobgoblin!
Your Spellcasting skill increases to level 5!
You barely miss the jackal.
The jackal bites you but does no damage.
You closely miss the jackal.
The jackal is almost dead.
The jackal bites you but does no damage.
The jackal closely misses you.
A jackal comes into view.
You hit the jackal.
You kill the jackal!
You are no longer magically infusing your attacks.
You closely miss the jackal.
The jackal bites you but does no damage.
You closely miss the jackal. The jackal bites you.
The jackal closely misses you.
Casting: Infusion
Confirm with . or Enter, or press ? or * to list all spells.
You begin infusing your attacks with magical energy.
The jackal bites you.
You hit the jackal.
The jackal is almost dead.
The jackal closely misses you.
The jackal bites you but does no damage.
You hit the jackal.
You kill the jackal!
Memorise Regeneration, consuming 3 spell levels and leaving 4?
You start memorising the spell.
You continue memorising. x3
You finish memorising.
Spell assigned to 'r'.
Okay, then.
Unknown command.
Memorise Spectral Weapon, consuming 3 spell levels and leaving 1?
You start memorising the spell.
You continue memorising. x3
You finish memorising.
Spell assigned to 'w'.
HP restored.
Your magical infusion is running out.
You are no longer magically infusing your attacks.
Are you sure you want to abandon this character and quit the game? (Confirm with "yes".)

### ..# #.# #.#
###.##### #.......#
####### ..#.###.#
#...@.# ..#.# #.#
#.###.# ..#.# #.# #.#
..#.# #.# .# #.#
..#.###.# #.# #.#
........#
#.###.########
........#
#.##..........#
........#
#.##..#######.######
..###...#####.##.....)#
#......##


There were no monsters in sight!

Vanquished Creatures
  An ooze (D:1)
  A dart slug (D:1)
  2 leopard geckos (D:1)
  3 bats (D:1)
  A giant cockroach (D:1)
  2 goblins (D:1)
  3 hobgoblins (D:1)
  2 jackals (D:1)
  2 kobolds
  A frilled lizard (D:1)
  2 rats (D:1)
20 creatures vanquished.

Notes
Turn   | Place    | Note
-------+----------+-------------------------------------------
     0 | D:1      | tidbits the Gnoll Skald began the quest for the Orb.
     0 | D:1      | Reached XP level 1. HP: 20/20 MP: 6/6
     7 | D:1      | Noticed an anaconda
     7 | D:1      | Noticed a hound
     7 | D:1      | Noticed a wyvern
   151 | D:1      | Reached XP level 2. HP: 26/26 MP: 2/7
   155 | D:1      | Learned a level 2 spell: Song of Slaying
   158 | D:1      | Learned a level 2 spell: Shroud of Golubria
   233 | D:1      | Reached XP level 3. HP: 27/31 MP: 0/9
   341 | D:1      | Reached skill level 5 in Spellcasting
   356 | D:1      | Learned a level 3 spell: Regeneration
   360 | D:1      | Learned a level 3 spell: Spectral Weapon
   402 | D:1      | Quit the game

Vault maps used:
D:1:      onia_arrival_zoo_common, corexii_item_surrounded_by_moat
D:2:      minmay_overflow_temple_hex, serial_park_tiny_1,
          grunt_decor_mini_mirrors, bloody_makhleb

Skill      XL: |  1  2  3 |
---------------+----------+-----
Spellcasting   | 5 |  5.0
Fighting       | |  4.5
Short Blades   | |  0.6
Long Blades    | |  0.6
Axes           | |  4.5
Maces & Flails | |  0.6
Polearms       | |  0.6
Staves         | |  0.6
Slings         | |  0.6
Bows           | |  0.6
Crossbows      | |  0.6
Throwing       | |  0.6
Armour         | |  2.5
Dodging        | |  4.5
Stealth        | |  0.6
Shields        | |  0.6
Unarmed Combat | |  0.6
Conjurations   | |  0.6
Hexes          | |  0.6
Charms         | |  6.5
Summonings     | |  0.6
Necromancy     | |  0.6
Translocations | |  0.6
Transmutations | |  0.6
Fire Magic     | |  0.6
Ice Magic      | |  0.6
Air Magic      | |  0.6
Earth Magic    | |  0.6
Poison Magic   | |  0.6
Invocations    | |  0.6
Evocations     | |  0.6

Action                   || total
-------------------------++-------
Melee: Hand axe          ||    53
       Bite              ||     1
 Cast: Infusion          ||     8
Armor: Ring mail         ||    20
Dodge: Dodged            ||    34

Table legend:
 A = Spawn XP
 B = Non-spawn XP
 C = Spawn XP percentage of total XP
 D = Spawn monster count
 E = Non-spawn monster count
 F = Spawn count percentage of total count
 G = Total turns spent on level
                    A         B        C        D         E        F      G
               +---------+---------+-------+---------+---------+-------+---------
         Total |       0 |      43 |   0.0 |       0 |      20 |   0.0 |   402
               +---------+---------+-------+---------+---------+-------+---------
           D:1 |       0 |      41 |   0.0 |       0 |      19 |   0.0 |   388
           D:2 |       0 |       2 |   0.0 |       0 |       1 |   0.0 |    14
               +---------+---------+-------+---------+---------+-------+---------

Table legend:
 A = Turns spent in this place as a percentage of turns spent in the entire game.
 B = Non-inter-level travel turns spent in this place as a percentage of non-inter-level travel turns spent in the entire game.
 C = Inter-level travel turns spent in this place as a percentage of turns spent in this place.
 D = Turns resting spent in this place as a percentage of non-inter-level travel turns spent in this place.
 E = Turns spent auto-exploring this place as a percentage of non-inter-level travel turns spent in this place.
 F = Non-inter-level travel turns spent in this place divided by the number of levels of this place that you've seen.
                   A       B       C       D       E      F
               +-------+-------+-------+-------+-------+----------------------
         Total | 100.0 | 100.0 |   0.0 |   0.0 |   0.0 | 201.0
       Dungeon | 100.0 | 100.0 |   0.0 |   0.0 |   0.0 | 201.0
               +-------+-------+-------+-------+-------+----------------------

Table legend:
 A = Kills in this place as a percentage of kills in entire the game.
 B = Kills by you in this place as a percentage of kills by you in the entire game.
 C = Kills by friends in this place as a percentage of kills by friends in the entire game.
 D = Other kills in this place as a percentage of other kills in the entire game.
 E = Experience gained in this place as a percentage of experience gained in the entire game.
 F = Experience gained in this place divided by the number of levels of this place that you have seen.
                   A       B       C       D       E      F
               +-------+-------+-------+-------+-------+----------------------
         Total | 100.0 | 100.0 |   N/A |   N/A | 100.0 |  21.5
       Dungeon | 100.0 | 100.0 |   N/A |   N/A | 100.0 |  21.5
               +-------+-------+-------+-------+-------+----------------------

Vault maps used:
D:1:      onia_arrival_zoo_common, corexii_item_surrounded_by_moat
D:2:      minmay_overflow_temple_hex, serial_park_tiny_1,
          grunt_decor_mini_mirrors, bloody_makhleb
